 Dungeon Crawl Stone Soup version 0.21-a0-525-ga34b322 (webtiles) character file.

5864 Gildeon the Fighter (level 10, -3/94 HPs)
             Began as a Minotaur Fighter on Dec 6, 2017.
             Was a High Priest of Okawaru.
             Slain by a komodo dragon (14 damage)
             ... on level 1 of the Lair of Beasts on Dec 7, 2017.
             The game lasted 00:37:28 (9104 turns).

Gildeon the Fighter (Minotaur Fighter)              Turns: 9104, Time: 00:37:30

Health: -3/94      AC: 19    Str: 20    XL:     10   Next: 52%
Magic:  9/9        EV:  3    Int:  7    God:    Okawaru [*****.]
Gold:   237        SH:  9    Dex: 12    Spells: 0/9 levels left

rFire    . . .     SeeInvis .   x - +0 spear (venom)
rCold    . . .     Gourm    .   c - +0 shield
rNeg     . . .     Faith    .   d - +2 plate armour
rPois    .         Spirit   .   (helmet restricted)
rElec    .         Reflect  .   s - +2 cloak
rCorr    .         Harm     .   y - +0 pair of gloves
MR       .....                  l - +0 pair of boots
Stlth    ..........             (no amulet)
HPRegen  0.25/turn              (no ring)
MPRegen  0.11/turn              (no ring)

@: lethally poisoned (-3 -> -39), flying
A: retaliatory headbutt, horns 2
a: Heroism, Finesse, Renounce Religion


You were on level 1 of the Lair of Beasts.
You worshipped Okawaru.
Okawaru was extremely pleased with you.
You were not hungry.

You visited 2 branches of the dungeon, and saw 9 of its levels.

You collected 439 gold pieces.
You spent 202 gold pieces at shops.

Inventory:

Hand Weapons
 a - a +0 war axe
 x - a +0 spear of venom (weapon)
Missiles
 e - 9 javelins of returning (quivered)
Armour
 c - a +0 shield (worn)
 d - a +2 plate armour (worn)
 l - a +0 pair of boots (worn)
 p - a scarf of repulsion
 s - a +2 cloak (worn)
 y - a +0 pair of gloves (worn)
Scrolls
 k - 7 scrolls of remove curse
 r - a scroll of fog
 u - 2 scrolls of teleportation
 w - a scroll of blinking
Potions
 b - 2 potions of flight
 m - a potion of brilliance
 o - 4 potions of invisibility
Books
 g - a book of Callings

   Spells                             Type                      Level
   a - Summon Small Mammal            Summoning                    1
   b - Call Imp                       Summoning                    2
   c - Call Canine Familiar           Summoning                    3
   d - Summon Guardian Golem          Hexes/Summoning              3
   e - Summon Lightning Spire         Summoning/Air                4
   f - Summon Ice Beast               Ice/Summoning                4
Comestibles
 f - 2 bread rations
 h - a fruit
 i - 3 meat rations


   Skills:
 - Level 10.5 Fighting
 - Level 10.3 Axes
 + Level 0.4(6.5) Polearms
 - Level 10.4 Throwing
 + Level 3.6 Armour
 - Level 3.6 Shields


You couldn't memorise any spells.
You knew the following spells:

 Your Spells              Type           Power        Failure   Level  Hunger
a - Summon Small Mammal   Summ           #...         100%        1    ##.....
b - Call Imp              Summ           #.......     100%        2    ###....
c - Call Canine Familiar  Summ           #.......     100%        3    ####...
d - Summon Guardian Gole  Hex/Summ       #.......     100%        3    ####...


Dungeon Overview and Level Annotations

Branches:
Dungeon (8/15)             Temple (0/1) D:6            Lair (1/6) D:8

Altars:
Dithmenos
Okawaru
Wu Jian
Yredelemnul

Shops:
D:8 [

Annotations:
Lair:1 kibaces's ghost, journeyman DsFi


Innate Abilities, Weirdness & Mutations

You reflexively headbutt those who attack you in melee.
You have a pair of horns on your head.


Message History

You closely miss the spiny frog. You headbutt the spiny frog.
The spiny frog is almost dead.
You feel sick.
The komodo dragon bites you but does no damage.
You block the spiny frog's attack.
You hit the spiny frog.
The spiny frog is almost dead.
You feel sick. The komodo dragon bites you!!
* * * LOW HITPOINT WARNING * * *
The spiny frog stings you!
* * * LOW HITPOINT WARNING * * *
You are more poisoned.
The spiny frog poisons you!
It was a potion of flight.
You feel very buoyant.
You fly up into the air.
* * * LOW HITPOINT WARNING * * *
You feel very sick. You block the spiny frog's attack.
The komodo dragon bites you!
You die...

###...#.........#
......###.#######....#.#
......##.###### .......
................ .......
................ .......
........#.###### P......
........###..####.......
###.....P#..........##
####....##......@l...#
..#..............F..##
..##....##......##..P#
..#.............# ..##
..#.....#.......# .#
..##....##......# .#
####....##......# .
####.....###.##.# ..
........####..##.#


You could see a komodo dragon and a spiny frog.

Vanquished Creatures
  A hydra (Lair:1)
  Pikel (D:6)
  Maurice (D:8)
  A black mamba (Lair:1)
  A hornet (D:8)
  2 hippogriffs
  Eustachio (D:6)
  Grum (D:8)
  Menkaure (D:5)
  2 water moccasins
  2 hell hounds (D:8)
  A porcupine (Lair:1)
  An orc warrior (D:7)
  2 sky beasts
  4 slaves (D:6)
  5 phantoms
  3 ogres
  2 wolves (D:8)
  A centaur (D:8)
  The ghost of Typee the Magician, an amateur DEFE (D:3)
  2 bullfrogs (Lair:1)
  A scorpion (D:8)
  3 killer bees (D:8)
  4 howler monkeys
  A crimson imp (D:6)
  A quasit (D:8)
  4 jellies
  2 orc priests
  2 hounds
  5 orc wizards
  3 iguanas
  Terence (D:3)
  A worker ant (D:6)
  Robin (D:2)
  7 gnolls
  8 adders
  A shadow imp (D:8)
  2 oozes
  4 adder skeletons
  An adder zombie (D:3)
  2 worms
  3 dart slugs
  2 leopard geckos
  31 orcs
  2 ball pythons
  6 bats
  11 giant cockroaches
  14 goblins
  10 hobgoblins
  3 quokkas
  A ball python skeleton (D:4)
  6 frilled lizards
  A giant cockroach zombie (D:5)
  A jackal skeleton (D:3)
  A jackal zombie (D:6)
  7 kobolds
  A leopard gecko skeleton (D:3)
  2 quokka skeletons
  7 rats
199 creatures vanquished.

Vanquished Creatures (collateral kills)
  An orc priest (D:8)
1 creature vanquished.

Vanquished Creatures (others)
  An orc (D:8)
1 creature vanquished.

Grand Total: 201 creatures vanquished

Notes
Turn   | Place    | Note
-------+----------+-------------------------------------------
     0 | D:1      | Gildeon the Minotaur Fighter began the quest for the Orb.
     0 | D:1      | Reached XP level 1. HP: 19/19 MP: 0/0
   297 | D:1      | Reached XP level 2. HP: 25/26 MP: 1/1
   649 | D:1      | Reached XP level 3. HP: 25/31 MP: 2/2
  1091 | D:2      | Found an ornate altar of the Wu Jian Council.
  1091 | D:2      | Found an iron altar of Okawaru.
  1183 | D:2      | Became a worshipper of Warmaster Okawaru
  1212 | D:2      | Reached skill level 5 in Axes
  1514 | D:2      | Noticed Robin
  1517 | D:2      | Reached XP level 4. HP: 37/39 MP: 3/3
  1524 | D:2      | Killed Robin
  1743 | D:3      | Noticed Typee's ghost (amateur DEFE)
  1757 | D:3      | Killed Typee's ghost
  1757 | D:3      | Reached XP level 5. HP: 27/45 MP: 4/4
  2020 | D:3      | Found a shadowy altar of Dithmenos.
  2273 | D:3      | Learned a level 1 spell: Summon Small Mammal
  2281 | D:3      | Learned a level 2 spell: Call Imp
  2528 | D:3      | Reached * piety under Okawaru
  2632 | D:3      | Noticed Terence
  2636 | D:3      | Killed Terence
  2636 | D:3      | Reached XP level 6. HP: 51/51 MP: 5/5
  2798 | D:4      | Found a shadowy altar of Dithmenos.
  3587 | D:5      | Entered Level 5 of the Dungeon
  3867 | D:5      | Noticed Menkaure
  3873 | D:5      | Killed Menkaure
  3873 | D:5      | Reached ** piety under Okawaru
  3873 | D:5      | Reached XP level 7. HP: 57/57 MP: 6/6
  3896 | D:5      | Noticed a hippogriff
  3903 | D:5      | Killed a hippogriff
  3903 | D:5      | Reached skill level 10 in Axes
  4187 | D:6      | Reached skill level 5 in Fighting
  4217 | D:6      | Reached *** piety under Okawaru
  4217 | D:6      | Reached XP level 8. HP: 43/70 MP: 7/7
  4355 | D:6      | Found a basalt altar of Yredelemnul.
  4361 | D:6      | Found a staircase to the Ecumenical Temple.
  4572 | D:6      | Learned a level 3 spell: Call Canine Familiar
  4682 | D:6      | Noticed Eustachio
  4694 | D:6      | Killed Eustachio
  5226 | D:6      | Noticed Pikel
  5260 | D:6      | Killed Pikel
  5260 | D:6      | Reached **** piety under Okawaru
  5260 | D:6      | Reached skill level 10 in Fighting
  5260 | D:6      | Reached XP level 9. HP: 38/86 MP: 8/8
  5786 | D:7      | Reached skill level 1 in Throwing
  6493 | D:8      | Found Pufedoc's Antique Armour Boutique.
  6498 | D:8      | Bought a runed cloak for 202 gold pieces
  6520 | D:8      | Noticed Maurice
  6564 | D:8      | Killed Maurice
  6624 | D:8      | Received a gift from Okawaru
  6633 | D:8      | Found a staircase to the Lair.
  6839 | D:8      | Reached skill level 5 in Throwing
  6933 | D:8      | Noticed Grum
  6940 | D:8      | Killed Grum
  7623 | D:8      | Received a gift from Okawaru
  7680 | D:8      | Reached XP level 10. HP: 29/94 MP: 9/9
  7872 | D:8      | Received a gift from Okawaru
  7968 | D:8      | Upgraded the game from 0.21-a0-522-ga8338f0 to 0.21-a0-525-ga34b322
  8212 | D:8      | Paralysed by a hornet for 3 turns
  8640 | D:8      | Learned a level 3 spell: Summon Guardian Golem
  8672 | Lair:1   | Entered Level 1 of the Lair of Beasts
  8677 | Lair:1   | Noticed kibaces's ghost (journeyman DsFi)
  8737 | Lair:1   | Noticed a black mamba
  8745 | Lair:1   | Killed a black mamba
  9075 | Lair:1   | Noticed a five-headed hydra
  9082 | Lair:1   | Killed a five-headed hydra
  9082 | Lair:1   | Reached ***** piety under Okawaru
  9082 | Lair:1   | Reached skill level 10 in Throwing
  9084 | Lair:1   | Noticed a spiny frog
  9104 | Lair:1   | Slain by a komodo dragon

Vault maps used:
D:1:      nzn_arrival_crosshair
D:2:      chequers_temple_overflow_statue_of_worship, first_bread, uniq_robin
D:3:      nicolae_overflow_crystal_walls, serial_undead, serial_undead_d,
          serial_undead_f, serial_undead_a, serial_undead_e, uniq_terence
D:4:      serial_bayou_lagoon_a, grunt_dithmenos_smoke_and_mirrors
D:5:      uniq_menkaure
D:6:      yredelemnul_altar_generic, temple_statues, uniq_pikel, uniq_eustachio
D:8:      minmay_lair_entry_lava, serial_shops, nicolae_shop_trees, uniq_grum,
          uniq_maurice

Skill      XL: |  1  2  3  4  5  6  7  8  9 10 |
---------------+-------------------------------+-----
Axes           | 3 4 5 6 7 9 10 | 10.3
Fighting       | 5 10 | 10.5
Throwing       | 8 10 | 10.4
Polearms       | |  0.4
Armour         | |  3.6
Shields        | |  3.6

Action                   |  1- 3 |  4- 6 |  7- 9 | 10-12 || total
-------------------------+-------+-------+-------+-------++-------
Melee: War axe           |   104 |   156 |   230 |    76 ||   566
       Headbutt          |    10 |    20 |    53 |    19 ||   102
       Spear             |       |       |       |    19 ||    19
Throw: Tomahawk          |       |     8 |   147 |     8 ||   163
       Javelin           |       |       |     7 |    27 ||    34
Evoke: Wand              |       |       |       |     6 ||     6
  Use: Scroll            |     8 |     6 |    13 |     1 ||    28
       Potion            |       |     3 |     9 |     2 ||    14
  Eat: Chunk             |     2 |     2 |       |     1 ||     5
       Bread ration      |       |     2 |     2 |     1 ||     5
Armor: Scale mail        |    48 |    24 |       |       ||    72
       Plate armour      |       |    54 |   196 |    70 ||   320
Dodge: Dodged            |    27 |    13 |    38 |     7 ||    85
Block: Shield            |    60 |    67 |   141 |    52 ||   320

Table legend:
 A = Spawn XP
 B = Non-spawn XP
 C = Spawn XP percentage of total XP
 D = Spawn monster count
 E = Non-spawn monster count
 F = Spawn count percentage of total count
 G = Total turns spent on level
                    A         B        C        D         E        F      G
               +---------+---------+-------+---------+---------+-------+---------
         Total |       0 |    8378 |   0.0 |       0 |     196 |   0.0 |  9104
               +---------+---------+-------+---------+---------+-------+---------
           D:1 |       0 |      56 |   0.0 |       0 |      30 |   0.0 |   987
           D:2 |       0 |      90 |   0.0 |       0 |      28 |   0.0 |   751
           D:3 |       0 |     238 |   0.0 |       0 |      25 |   0.0 |   986
           D:4 |       0 |     207 |   0.0 |       0 |      13 |   0.0 |   863
           D:5 |       0 |     483 |   0.0 |       0 |       8 |   0.0 |   484
           D:6 |       0 |    1893 |   0.0 |       0 |      31 |   0.0 |  1676
           D:7 |       0 |     236 |   0.0 |       0 |       6 |   0.0 |   738
           D:8 |       0 |    3316 |   0.0 |       0 |      49 |   0.0 |  2187
        Lair:1 |       0 |    1859 |   0.0 |       0 |       6 |   0.0 |   432
               +---------+---------+-------+---------+---------+-------+---------
